 Dungeon Crawl Stone Soup version 0.31-a0-702-gf82c85558f (webtiles) character file.

Game seed: 17011891221803115228

2986 qw the Skirmisher (level 9, 0/57 HPs)
             Began as a Gargoyle Hunter on Sept 7, 2023.
             Was a Priest of Okawaru.
             Killed from afar by an orc wizard (2 damage)
             ... with a magic dart
             ... on level 6 of the Dungeon.
             The game lasted 00:02:46 (5734 turns).

qw the Skirmisher (Gargoyle Hunter)                 Turns: 5734, Time: 00:02:46

Health: 0/57       AC: 14    Str: 15    XL:     9   Next: 83%
Magic:  12/12      EV: 11    Int: 10    God:    Okawaru [***...]
Gold:   130        SH:  0    Dex: 17    Spells: 8/8 levels left

rFire   . . .        Y - +1 orcbow
rCold   + . .        (shield currently unavailable)
rNeg    + . .        m - +0 ring mail
rPois   inf          (no helmet)
rElec   +            (no cloak)
rCorr   .            d - +0 pair of gloves
SInv    .            a - +0 pair of boots
Will    .....        (no amulet)
Stlth   +            c - ring of protection from cold
HPRegen 0.29/turn    (no ring)
MPRegen 0.13/turn

%: no passive effects
@: no status effects
A: sickness immunity, AC +6, negative energy resistance 1, electricity
resistance, torment resistance 1, petrification resistance
a: Renounce Religion, Heroism


You were on level 6 of the Dungeon.
You worshipped Okawaru.
Okawaru was most pleased with you.
You visited 1 branch of the dungeon, and saw 7 of its levels.

You collected 220 gold pieces.
You spent 90 gold pieces at shops.


Innate Abilities, Weirdness & Mutations

You are immune to sickness and miasma.
Your stone body is resilient. (AC +6)
You are immune to poison.
You resist negative energy. (rN+)
You are resistant to electric shocks. (rElec)
You are resistant to unholy torment.
You are immune to petrification.


   Skills:
 - Level 7.4 Fighting
 - Level 11.0 Ranged Weapons
 - Level 3.4 Armour
 + Level 2.1 Dodging
 - Level 1.1 Stealth
 - Level 4.2 Invocations


You had 8 spell levels left.
You didn't know any spells.
Your spell library was empty.

Inventory:

Hand Weapons
 Y - a +1 orcbow (weapon)
Armour
 a - a +0 pair of boots (worn)
 d - a +0 pair of gloves (worn)
 m - a +0 ring mail (worn)
Jewellery
 c - a ring of protection from cold (left hand)
Scrolls
 g - a scroll of identify
Potions
 b - a potion of might
 f - a potion of haste
 i - a potion of curing
 l - a potion of cancellation {unknown}

Dungeon Overview and Level Annotations

Branches:
Dungeon (7/15)             Temple (0/1) D:6

Altars:
Elyvilon
Kikubaaqudgha
Okawaru
Qazlal
Sif Muna
Uskayaw
Vehumet
Zin
The Shining One

Shops:
D:2 [   D:3 [=*([

Annotations:
D:4 1 runed translucent door, Crazy Yiuf


Message History

You start resting.
Something hits you but does no damage.
Deactivating autopickup; reactivate with Ctrl-A.
Autopickup is now on.
You start resting.
You hear some strange, mumbled words.
A magic dart appears from out of thin air!
Deactivating autopickup; reactivate with Ctrl-A.
The magic dart hits you.
You shoot an arrow. Something hits you but does no damage.
You shoot an arrow. Something hits you but does no damage.
You shoot an arrow. Something hits you.
You shoot an arrow. Something hits you but does no damage.
You shoot an arrow.
You hear some strange, mumbled words.
You are confused.
You shoot an arrow. Something hits you.
You shoot an arrow. Something hits you but does no damage.
You shoot an arrow. Something hits you but does no damage.
You shoot an arrow. Something barely misses you.
You shoot an arrow.
You feel less confused. Something hits you.
You shoot an arrow. Something hits you but does no damage.
You shoot an arrow. Something hits you but does no damage.
You shoot an arrow.
You hear some strange, mumbled words.
A magic dart appears from out of thin air!
The magic dart hits you.
You die...

#..##.###..##.
##.##.........
#.##......~~~
#.##....~~~~~
#.##..~~~~~~~
##.##.~~~~~~~~
#####...#.~~~~~~..
#.....#.).~~~~~~.>
#@###...#.~~~~~~..
#{# ##.#...~~~~~~~
#.# #.......~~~~~
#.# #.##......~~~
#.# #.##.........
#.# #.##..#####..
#.# #.##..# #..
#.####.##..# ###..
#..........# #....


There were no monsters in sight!

Vanquished Creatures
  Grinder (D:4)
  A wyvern (D:6)
  Eustachio (D:6)
  5 yaks (D:6)
  Menkaure (D:6)
  A sky beast (D:6)
  A black bear (D:6)
  An ogre (D:5)
  A centaur (D:6)
  2 phantoms
  Blork the orc (D:4)
  A bullfrog (D:6)
  A gnoll sergeant (D:7)
  2 howler monkeys
  3 hounds
  4 orc priests
  2 jellies
  A sleepcap (D:6)
  6 iguanas
  Natasha (thrice) (D:2)
  An orc wizard (D:6)
  13 gnolls
  7 adders
  A shadow imp (D:6)
  A white imp (D:6)
  An ufetubus (D:5)
  2 worms
  4 dart slugs
  15 orcs
  8 bats
  15 endoplasms
  4 giant cockroaches
  7 goblins
  11 hobgoblins
  4 jackals (D:2)
  6 kobolds
  3 quokkas
  6 ball pythons
  4 frilled lizards
  3 rats
155 creatures vanquished.

Notes
Turn   | Place    | Note
-------+----------+-------------------------------------------
     0 | D:1      | qw the Gargoyle Hunter began the quest for the Orb.
     0 | D:1      | Reached XP level 1. HP: 12/12 MP: 1/1
     0 | D:1      | 0 ||| qw: Version: 0.3-a-76-g4403597
     0 | D:1      | 0 ||| qw: Game counter: 918
     0 | D:1      | 0 ||| qw: Melee chars always use a shield: true
     0 | D:1      | 0 ||| qw: God list: Okawaru
     0 | D:1      | 0 ||| qw: Allow faded altars: false
     0 | D:1      | 0 ||| qw: Do Orc after clearing Dungeon:15 true
     0 | D:1      | 0 ||| qw: Do second Lair branch before Depths: true
     0 | D:1      | 0 ||| qw: Lair rune preference: random
     0 | D:1      | 0 ||| qw: Goals: Normal
     0 | D:1      | 0 ||| PLANNING D:1-11
    49 | D:1      | Reached XP level 2. HP: 17/17 MP: 2/2
   112 | D:1      | 112 ||| Stepping ~*~*~tactically~*~*~ (water).
   216 | D:1      | Reached XP level 3. HP: 19/21 MP: 3/3
   280 | D:1      | Reached skill level 5 in Ranged Weapons
   562 | D:1      | 562 ||| READING scroll labelled FAGACK EXIUCE.
   563 | D:1      | 563 ||| READING scroll labelled MIQAEP UFOPP.
   564 | D:1      | 564 ||| READING scroll labelled YHUIBBA NULYQO.
   567 | D:1      | 567 ||| READING scroll labelled MUFEUMO GIMONO.
   568 | D:1      | 568 ||| DROPPING scroll of butterflies.
   629 | D:2      | Noticed Natasha
   637 | D:2      | Killed Natasha
   638 | D:2      | Reached skill level 3 in Fighting
   638 | D:2      | Reached XP level 4. HP: 28/28 MP: 4/4
   651 | D:2      | 651 ||| READING scroll of enchant weapon.
   651 | D:2      | 651 ||| ENCHANTING +1 shortbow.
   780 | D:2      | Noticed Natasha
   783 | D:2      | Killed Natasha
   833 | D:2      | Reached XP level 5. HP: 31/32 MP: 5/5
   909 | D:2      | Noticed Natasha
   914 | D:2      | Killed Natasha
   918 | D:2      | Found Gystet's Antique Armour Shop.
   929 | D:2      | 929 ||| SHOPLISTING cloak (117 gold, have 75).
   929 | D:2      | 929 ||| SHOPLISTING helmet (117 gold, have 75).
   929 | D:2      | 929 ||| SHOPLISTING pair of warped boots (247 gold, have
                  | 75).
  1227 | D:2      | 1227 ||| UPGRADING to +0 pair of gloves.
  1232 | D:2      | 1232 ||| UPGRADING to +0 ring mail.
  1242 | D:2      | 1242 ||| DROPPING +0 leather armour.
  1243 | D:2      | 1243 ||| READING scroll labelled TYHOAM ZAPRELLAME.
  1266 | D:2      | 1266 ||| READING 2 scrolls labelled ROIRYT DASIW.
  1267 | D:2      | 1267 ||| READING scroll labelled ASCHEEV UGGAJAOLL.
  1268 | D:2      | 1268 ||| DRINKING 2 grey potions.
  1296 | D:2      | 1296 ||| DROPPING potion of lignification.
  1297 | D:2      | 1297 ||| DROPPING scroll of amnesia.
  1390 | D:3      | Reached skill level 1 in Armour
  1399 | D:3      | Found Naiquim's Armour Boutique.
  1407 | D:3      | Reached skill level 6 in Ranged Weapons
  1409 | D:3      | 1409 ||| BUYING +0 pair of boots (49 gold).
  1409 | D:3      | Bought a +0 pair of boots for 49 gold pieces
  1409 | D:3      | 1409 ||| SHOPLISTING +1 leather armour of willpower (154
                  | gold, have 60).
  1409 | D:3      | 1409 ||| SHOPLISTING +4 ring mail of poison resistance (308
                  | gold, have 60).
  1543 | D:3      | Found Hoohex's Assorted Antiques.
  1550 | D:3      | 1550 ||| BUYING 2 viscous dark potions (41 gold).
  1550 | D:3      | Bought 2 viscous dark potions for 41 gold pieces
  1550 | D:3      | 1550 ||| SHOPLISTING fuming green potion (20 gold, have
                  | 19).
  1550 | D:3      | 1550 ||| SHOPLISTING scroll of identify (46 gold, have 19).
  1604 | D:3      | Found Kecs's Antique Armour Boutique.
  1611 | D:3      | Reached XP level 6. HP: 38/38 MP: 6/6
  1697 | D:3      | Found a white marble altar of Elyvilon.
  1808 | D:3      | Found Qeusoet's Jewellery Shoppe.
  1812 | D:3      | 1812 ||| SHOPLISTING amulet of reflection (390 gold, have
                  | 67).
  1812 | D:3      | 1812 ||| SHOPLISTING ring of ice (325 gold, have 67).
  1812 | D:3      | 1812 ||| SHOPLISTING ring of protection from fire (325
                  | gold, have 67).
  1812 | D:3      | 1812 ||| SHOPLISTING ring of see invisible (195 gold, have
                  | 67).
  1813 | D:3      | Found a radiant altar of Vehumet.
  1817 | D:3      | Found an ancient bone altar of Kikubaaqudgha.
  1818 | D:3      | Found a shimmering blue altar of Sif Muna.
  1989 | D:3      | Found a faded altar of an unknown god.
  2020 | D:3      | Found Denoq's Antique Weapon Shop.
  2103 | D:3      | 2103 ||| UPGRADING to +0 pair of boots.
  2108 | D:3      | 2108 ||| READING scroll labelled FOAMUEMOEV.
  2109 | D:3      | 2109 ||| DRINKING 2 viscous dark potions.
  2110 | D:3      | 2110 ||| READING 3 scrolls of identify.
  2110 | D:3      | 2110 ||| IDENTIFYING dark potion
  2111 | D:3      | 2111 ||| READING 2 scrolls of identify.
  2111 | D:3      | 2111 ||| IDENTIFYING amethyst potion
  2112 | D:3      | 2112 ||| DROPPING potion of attraction.
  2144 | D:4      | 2144 ||| PLANNING OSSUARY
  2147 | D:4      | Noticed Grinder
  2150 | D:4      | 2150 ||| RETREATING.
  2153 | D:4      | Paralysed by Grinder for 4 turns
  2162 | D:4      | Paralysed by Grinder for 5 turns
  2171 | D:4      | HP: 9/38 [Grinder (6)]
  2172 | D:4      | 2172 ||| READING scroll of teleportation.
  2195 | D:4      | Paralysed by Grinder for 4 turns
  2202 | D:4      | Killed Grinder
  2203 | D:4      | Reached skill level 7 in Ranged Weapons
  2203 | D:4      | Reached XP level 7. HP: 13/43 MP: 7/7
  2325 | D:4      | 2325 ||| FLEEEEING.
  2326 | D:4      | 2326 ||| STAIRDANCE
  2381 | D:4      | 2381 ||| STAIRDANCE
  2437 | D:4      | 2437 ||| STAIRDANCE
  2847 | D:4      | Noticed Blork the orc
  2860 | D:4      | Killed Blork the orc
  2861 | D:4      | Reached skill level 8 in Ranged Weapons
  2914 | D:4      | 2914 ||| RIP OSSUARY
  2961 | D:4      | 2961 ||| PLANNING D:1-11
  3106 | D:4      | Found a runed translucent door.
  3107 | D:4      | Noticed Crazy Yiuf
  3158 | D:4      | Found a glowing golden altar of the Shining One.
  3364 | D:4      | 3364 ||| UPGRADING to ring of protection from cold.
  3365 | D:4      | 3365 ||| READING scroll labelled VISURY LOJEFI.
  3366 | D:4      | 3366 ||| READING 2 scrolls of identify.
  3366 | D:4      | 3366 ||| IDENTIFYING pink potion
  3431 | D:5      | Entered Level 5 of the Dungeon
  3434 | D:5      | 3434 ||| STAIRDANCE
  3566 | D:5      | 3566 ||| STAIRDANCE
  3756 | D:5      | 3756 ||| Stepping ~*~*~tactically~*~*~ (retreating).
  3757 | D:5      | 3757 ||| Stepping ~*~*~tactically~*~*~ (retreating).
  3764 | D:5      | HP: 8/44 [ogre/+0 giant club (21)]
  3768 | D:5      | 3768 ||| FLEEEEING.
  3769 | D:5      | 3769 ||| FLEEEEING.
  3770 | D:5      | 3770 ||| FLEEEEING.
  3777 | D:5      | 3777 ||| FLEEEEING.
  3778 | D:5      | 3778 ||| FLEEEEING.
  3779 | D:5      | 3779 ||| FLEEEEING.
  3786 | D:5      | 3786 ||| STAIRDANCE
  4035 | D:5      | 4035 ||| STAIRDANCE
  4240 | D:5      | 4240 ||| Stepping ~*~*~tactically~*~*~ (outnumbered).
  4242 | D:5      | 4242 ||| Stepping ~*~*~tactically~*~*~ (outnumbered).
  4264 | D:5      | Found an iron altar of Okawaru.
  4265 | D:5      | 4265 ||| PLANNING OKAWARU WORSHIP
  4272 | D:5      | Became a worshipper of Warmaster Okawaru
  4273 | D:5      | 4273 ||| PLANNING D:1-11
  4321 | D:5      | Reached XP level 8. HP: 49/49 MP: 8/8
  4680 | D:6      | Reached skill level 9 in Ranged Weapons
  4689 | D:6      | 4689 ||| Stepping ~*~*~tactically~*~*~ (outnumbered).
  4691 | D:6      | 4691 ||| Stepping ~*~*~tactically~*~*~ (outnumbered).
  4720 | D:6      | Noticed Menkaure
  4721 | D:6      | 4721 ||| FLEEEEING.
  4754 | D:6      | 4754 ||| SWAPPING to +0 orcbow.
  4755 | D:6      | 4755 ||| DROPPING +2 shortbow.
  4756 | D:6      | 4756 ||| READING scroll of enchant weapon.
  4756 | D:6      | 4756 ||| ENCHANTING +0 orcbow.
  4768 | D:6      | Found a staircase to the Ecumenical Temple.
  4786 | D:6      | Noticed Eustachio
  4790 | D:6      | Reached skill level 6 in Fighting
  4832 | D:6      | 4832 ||| FLEEEEING.
  4833 | D:6      | 4833 ||| FLEEEEING.
  4834 | D:6      | 4834 ||| FLEEEEING.
  4835 | D:6      | 4835 ||| FLEEEEING.
  4836 | D:6      | 4836 ||| FLEEEEING.
  4837 | D:6      | 4837 ||| FLEEEEING.
  4838 | D:6      | 4838 ||| FLEEEEING.
  4839 | D:6      | 4839 ||| FLEEEEING.
  4844 | D:6      | 4844 ||| FLEEEEING.
  4845 | D:6      | 4845 ||| FLEEEEING.
  4846 | D:6      | 4846 ||| FLEEEEING.
  4847 | D:6      | 4847 ||| FLEEEEING.
  4848 | D:6      | 4848 ||| FLEEEEING.
  4849 | D:6      | 4849 ||| FLEEEEING.
  4850 | D:6      | 4850 ||| FLEEEEING.
  4851 | D:6      | 4851 ||| FLEEEEING.
  4852 | D:6      | 4852 ||| FLEEEEING.
  4853 | D:6      | 4853 ||| FLEEEEING.
  4873 | D:6      | Killed Eustachio
  4873 | D:6      | Reached * piety under Okawaru
  4927 | D:6      | Found a stormy altar of Qazlal.
  4945 | D:6      | Reached skill level 1 in Invocations
  5040 | D:6      | Found a glowing silver altar of Zin.
  5040 | D:6      | Noticed a yak
  5040 | D:6      | Noticed a yak
  5040 | D:6      | Noticed a yak
  5041 | D:6      | 5041 ||| RETREATING.
  5042 | D:6      | Noticed a yak
  5042 | D:6      | Noticed a yak
  5043 | D:6      | 5043 ||| RETREATING.
  5054 | D:6      | Killed a yak
  5060 | D:6      | 5060 ||| INVOKING Heroism.
  5063 | D:6      | Killed a yak
  5064 | D:6      | Reached skill level 10 in Ranged Weapons
  5064 | D:6      | Reached skill level 3 in Invocations
  5064 | D:6      | Reached XP level 9. HP: 24/55 MP: 7/11
  5067 | D:6      | Reached ** piety under Okawaru
  5075 | D:6      | Reached skill level 3 in Armour
  5079 | D:6      | 5079 ||| FLEEEEING.
  5080 | D:6      | 5080 ||| FLEEEEING.
  5082 | D:6      | 5082 ||| FLEEEEING.
  5084 | D:6      | 5084 ||| FLEEEEING.
  5085 | D:6      | 5085 ||| FLEEEEING.
  5086 | D:6      | 5086 ||| FLEEEEING.
  5087 | D:6      | 5087 ||| FLEEEEING.
  5088 | D:6      | 5088 ||| FLEEEEING.
  5089 | D:6      | 5089 ||| FLEEEEING.
  5090 | D:6      | 5090 ||| FLEEEEING.
  5091 | D:6      | 5091 ||| FLEEEEING.
  5092 | D:6      | 5092 ||| FLEEEEING.
  5093 | D:6      | 5093 ||| FLEEEEING.
  5099 | D:6      | 5099 ||| STAIRDANCE
  5205 | D:5      | 5205 ||| READING scroll labelled YKHLYJ TEUNANG.
  5206 | D:5      | 5206 ||| DRINKING 2 lumpy ruby potions.
  5207 | D:5      | 5207 ||| READING 2 scrolls of identify.
  5207 | D:5      | 5207 ||| IDENTIFYING bubbling brown potion
  5208 | D:5      | 5208 ||| DROPPING potion of brilliance.
  5209 | D:5      | 5209 ||| DROPPING potion of invisibility.
  5252 | D:6      | 5252 ||| INVOKING Heroism.
  5255 | D:6      | 5255 ||| RETREATING.
  5261 | D:6      | 5261 ||| Stepping ~*~*~tactically~*~*~ (retreating).
  5262 | D:6      | 5262 ||| Stepping ~*~*~tactically~*~*~ (retreating).
  5272 | D:6      | Killed Menkaure
  5506 | D:6      | Found a hide-covered altar of Uskayaw.
  5563 | D:6      | Reached *** piety under Okawaru
  5685 | D:7      | 5685 ||| INVOKING Heroism.
  5700 | D:7      | 5700 ||| Stepping ~*~*~tactically~*~*~ (outnumbered).
  5703 | D:7      | Reached skill level 11 in Ranged Weapons
  5703 | D:7      | 5703 ||| Stepping ~*~*~tactically~*~*~ (outnumbered).
  5704 | D:7      | 5704 ||| Stepping ~*~*~tactically~*~*~ (outnumbered).
  5707 | D:7      | HP: 14/57 [orc priest/+0 club (5)]
  5712 | D:7      | 5712 ||| FLEEEEING.
  5713 | D:7      | 5713 ||| FLEEEEING.
  5715 | D:7      | 5715 ||| STAIRDANCE
  5721 | D:6      | HP: 8/57 [something/magic dart (3)]
  5727 | D:6      | HP: 3/57 [something (3)]
  5731 | D:6      | HP: 1/57 [something (3)]
  5734 | D:6      | Killed from afar by an orc wizard

Levels and vault maps discovered:
D:1:      grunt_arrival_crossed_arrows, layout_rooms, serial_rivers,
          chequers_serial_rivers_small_3, chequers_serial_rivers_small_3,
          chequers_serial_rivers_small_b, chequers_serial_rivers_micro_c
D:2:      layout_basic, serial_shops, shop, uniq_natasha
D:3:      layout_basic, grunt_temple_overflow_magic_moments, elyvilon_altar_1,
          hellmonk_ecumenical_altar_zigzags, serial_shops, shop, shop,
          nicolae_shop_hallway_stairs, shop, shop, corexii_hall_statues_x,
          serial_park_tiny_2
D:4:      layout_loops_ring, tso_altar, nicolae_ossuary_entry_plus,
          uniq_blork_the_orc, uniq_grinder, uniq_crazy_yiuf_cottage
D:5:      layout_rooms, okawaru_altar_gauntlet_db, minmay_misc_feat_tower
D:6:      layout_loops_ring, nicolae_overflow_hidden_temple, marbit_many_paths,
          temple_pool_b, hangedman_feature_mirror, uniq_menkaure, uniq_eustachio
D:7:      layout_cave_pools, nicolae_sextant, minmay_liquid_box, kennysheep_dice

Skill      XL: |  1  2  3  4  5  6  7  8  9 |
---------------+----------------------------+-----
Ranged Weapons | 5 6 7 8 10 11 | 11.0
Fighting       | 3 4 5 6 7 |  7.4
Armour         | 1 2 3 |  3.4
Dodging        | 2 |  2.1
Invocations    | 3 4 |  4.2
Stealth        | |  1.1

Action                     |  1- 3 |  4- 6 |  7- 9 || total
---------------------------+-------+-------+-------++-------
   Fire: Shortbow          |   112 |   162 |   195 ||   469
         Orcbow            |       |       |   193 ||   193
 Invoke: Heroism           |       |       |     3 ||     3
    Use: Scroll            |     4 |     8 |     5 ||    17
         Potion            |       |     2 |     1 ||     3
 Armour: Leather armour    |    29 |    24 |       ||    53
         Ring mail         |       |    39 |   188 ||   227
  Dodge: Dodged            |    32 |    54 |   137 ||   223

Table legend:
 A = Non-vault XP
 B = Vault XP
 C = Vault XP percentage of total XP
 D = Non-vault monster count
 E = Vault monster count
 F = Vault count percentage of total count
                 A         B        C        D         E       F
            +---------+---------+-------+---------+---------+-------
      Total |    3278 |     988 |  23.2 |     141 |      14 |   9.0
            +---------+---------+-------+---------+---------+-------
        D:1 |      55 |       0 |   0.0 |      29 |       0 |   0.0
        D:2 |     129 |      35 |  21.3 |      21 |       1 |   4.5
        D:3 |     119 |       0 |   0.0 |      24 |       0 |   0.0
        D:4 |     249 |     377 |  60.2 |      19 |       2 |   9.5
        D:5 |     531 |      12 |   2.2 |      14 |       6 |  30.0
        D:6 |    1893 |     564 |  23.0 |      23 |       5 |  17.9
        D:7 |     302 |       0 |   0.0 |      11 |       0 |   0.0
            +---------+---------+-------+---------+---------+-------
